 Dungeon Crawl Stone Soup version 0.25-a0-990-g0adbbaad2a (webtiles) character file.

Game seed: 5543063620413960150, levelgen mode: deterministic

562340 Gumption the Hoplite (level 25, -3/212 HPs)
             Began as a Demonspawn Gladiator on May 2, 2020.
             Was the Champion of Okawaru.
             Killed from afar by a shadow dragon (32 damage)
             ... with a bolt of negative energy
             ... on level 5 of the Vaults on May 10, 2020.
             The game lasted 10:53:15 (71987 turns).

Gumption the Hoplite (Demonspawn Gladiator)        Turns: 71987, Time: 10:53:16

Health: -3/212     AC: 47    Str: 21    XL:     25   Next: 88%
Magic:  26/26      EV: 14    Int: 13    God:    Okawaru [******]
Gold:   2665       SH: 30    Dex: 18    Spells: 24/24 levels left

rFire    + + .     SeeInvis +   a - +6 demon trident (venom)
rCold    + + +     Gourm    .   t - +2 tower shield {AC+3}
rNeg     . . .     Faith    .   V - +8 gold dragon scales
rPois    +         Spirit   .   n - +2 helmet {Int+3}
rElec    +         Reflect  +   x - +1 cloak of Starlight {rElec rC+ EV+4 Stlth--}
rCorr    .         Harm     .   f - +3 pair of gauntlets of War {Slay+5}
MR       +++..                  (boots unavailable)
Stlth    ..........             S - +5 amulet of reflection
HPRegen  0.45/turn              g - ring "Jamixog" {+Fly rPois MR++}
MPRegen  0.20/turn              P - ring "Dunt" {rF+ SInv}

@: about to teleport, very slightly contaminated, heavily drained
A: fangs 1, talons 3, thin metallic scales 3, cold resistance 1, foul stench 2,
low mp 1, weak 1, augmentation 2, rot immunity, freezing cloud immunity
}: 2/15 runes: decaying, serpentine
a: Heroism, Finesse, Renounce Religion, Evoke Flight


You were on level 5 of the Vaults.
You worshipped Okawaru.
Okawaru was exalted by your worship.
You were hungry.

You visited 9 branches of the dungeon, and saw 49 of its levels.
You visited the Abyss 1 time.
You also visited: Sewer and Ice Cave.

You collected 7201 gold pieces.
You spent 4536 gold pieces at shops.

Inventory:

Hand Weapons
 a - a +6 demon trident of venom (weapon)
 b - the +6 trident of Revolt {freeze, rElec rF+}
   (Okawaru gifted it to you on level 1 of the Snake Pit)

   It has been specially enchanted to freeze those struck by it, causing extra
   injury to most foes and up to half again as much damage against particularly
   susceptible opponents.
   It can also slow down cold-blooded creatures.
   It protects you from fire.
   It insulates you from electricity.
Missiles
 d - 3 throwing nets
 J - 17 javelins
 K - 4 curare-tipped darts
 X - 6 silver javelins (quivered)
Armour
 f - the +3 pair of gauntlets of War (worn) {Slay+5}
   (You bought it in a shop on level 5 of the Dungeon)

   It affects your accuracy and damage with ranged weapons and melee attacks
   (+5).
 n - a +2 helmet of intelligence (worn)
 s - a +1 helmet of see invisible
 t - a +2 tower shield of protection (worn)
 x - the +1 cloak of Starlight (worn) {rElec rC+ EV+4 Stlth--}
   (You found it on level 2 of the Vaults)

   It affects your evasion (+4).
   It protects you from cold.
   It insulates you from electricity.
   It makes you much less stealthy.
 z - a +0 cloak of invisibility
 T - the +10 plate armour of Fukiel {rCorr Dex+4}
   (Okawaru gifted it to you on level 2 of the Vaults)

   It affects your dexterity (+4).
   It provides partial protection from all sources of acid and corrosion.
 V - +8 gold dragon scales (worn)
Jewellery
 g - the ring "Jamixog" (left hand) {+Fly rPois MR++}
   (You bought it in a shop on level 2 of the Orcish Mines)

   [ring of poison resistance]

   It protects you from poison.
   It affects your resistance to hostile enchantments.
   It lets you fly.
 w - an uncursed ring of protection from magic
 E - the ring of Eblaem {rC+ rN+++ MP-9 Dex+5 SInv}
   (You took it off a frost giant on level 2 of the Depths)

   [ring of protection from cold]

   It affects your dexterity (+5).
   It protects you from cold.
   It renders you almost immune to negative energy.
   It affects your magic capacity (-9).
   It lets you see invisible.
 H - an uncursed amulet of regeneration
 O - a +5 ring of protection
 P - the ring "Dunt" (right hand) {rF+ SInv}
   (You found it on level 2 of the Lair of Beasts)

   [ring of protection from fire]

   It protects you from fire.
   It lets you see invisible.
 S - a +5 amulet of reflection (around neck)
Wands
 o - a wand of digging (13)
 r - a wand of iceblast (27)
 L - a wand of paralysis (11)
 N - a wand of acid (32)
Scrolls
 c - a scroll of enchant armour
 j - 2 scrolls of silence
 m - 22 scrolls of teleportation
 q - 26 scrolls of remove curse
 u - 8 scrolls of fear
 y - 10 scrolls of identify
 D - 4 scrolls of immolation
 F - 4 scrolls of fog
 M - a scroll of enchant weapon
 Q - 4 scrolls of magic mapping
 U - a scroll of blinking
Potions
 h - 10 potions of flight
 i - 3 potions of cancellation
 k - a potion of berserk rage
 l - 25 potions of curing
 p - 3 potions of resistance
 A - 5 potions of brilliance
 B - 6 potions of magic
 C - 3 potions of might
 G - 8 potions of haste
 I - 8 potions of mutation
 W - 3 potions of invisibility
Miscellaneous
 R - 4 boxes of beasts
 Z - a phial of floods
Comestibles
 e - 74 rations
 Y - 3 chunks of flesh


   Skills:
 + Level 20.6(17.1) Fighting
   Level 6.3(9.0) Axes
 + Level 15.1(12.5) Polearms
 - Level 1.7(0.0) Throwing
 + Level 19.8(16.4) Armour
 - Level 16.0(12.8) Dodging
 * Level 23.2(19.6) Shields
 - Level 8.0(5.4) Invocations
 - Level 8.0(5.4) Evocations


You had 24 spell levels left.
You didn't know any spells.
Your spell library contained the following spells:

 Spells                   Type           Power        Failure   Level  Hunger
 Animate Skeleton         Necr           N/A          100%        1    ##.....
 Corona                   Hex            #......      100%        1    ##.....
 Foxfire                  Conj/Fire      #...         100%        1    ##.....
 Freeze                   Ice            #...         100%        1    ##.....
 Magic Dart               Conj           #...         100%        1    ##.....
 Pain                     Necr           #...         100%        1    ##.....
 Sandblast                Erth           #.....       100%        1    ##.....
 Shock                    Conj/Air       #...         100%        1    ##.....
 Summon Small Mammal      Summ           #...         100%        1    ##.....
 Call Imp                 Summ           #.......     100%        2    ###....
 Ensorcelled Hibernation  Hex/Ice        #.....       100%        2    ###....
 Passwall                 Tmut/Erth      #.......     100%        2    ###....
 Poisonous Vapours        Pois/Air       #.....       100%        2    ###....
 Searing Ray              Conj           #.....       100%        2    ###....
 Shroud of Golubria       Chrm/Tloc      #.....       100%        2    ###....
 Call Canine Familiar     Summ           #.......     100%        3    ####...
 Confusing Touch          Hex            #.......     100%        3    ####...
 Conjure Flame            Conj/Fire      #.......     100%        3    ####...
 Dazzling Flash           Conj/Hex       #.....       100%        3    ####...
 Frozen Ramparts          Ice            #.....       100%        3    ####...
 Gell's Gravitas          Tloc           #.........   100%        3    ####...
 Ignite Poison            Fire/Tmut/Pois #.......     100%        3    ####...
 Inner Flame              Hex/Fire       #.......     100%        3    ####...
 Mephitic Cloud           Conj/Pois/Air  #.......     100%        3    ####...
 Ozocubu's Armour         Chrm/Ice       #.......     100%        3    ####...
 Spider Form              Tmut/Pois      #.........   100%        3    ####...
 Static Discharge         Conj/Air       #.......     100%        3    ####...
 Stone Arrow              Conj/Erth      #.....       100%        3    ####...
 Summon Guardian Golem    Hex/Summ       #.......     100%        3    ####...
 Tukima's Dance           Hex            #.......     100%        3    ####...
 Vampiric Draining        Necr           #.........   100%        3    ####...
 Cause Fear               Hex            #.........   100%        4    #####..
 Fulminant Prism          Conj/Hex       #.........   100%        4    #####..
 Hailstorm                Conj/Ice       #.......     100%        4    #####..
 Ice Form                 Ice/Tmut       #.......     100%        4    #####..
 Iskenderun's Mystic Bla  Conj/Tloc      #.......     100%        4    #####..
 Petrify                  Tmut/Erth      #.......     100%        4    #####..
 Sticky Flame             Conj/Fire      #.......     100%        4    #####..
 Summon Ice Beast         Ice/Summ       #.......     100%        4    #####..
 Summon Lightning Spire   Summ/Air       #.......     100%        4    #####..
 Borgnjor's Vile Clutch   Necr/Erth      #.........   100%        5    ######.
 Fireball                 Conj/Fire      #.........   100%        5    ######.
 Irradiate                Conj/Tmut      #.........   100%        5    ######.
 Iskenderun's Battlesphe  Conj/Chrm      #.......     100%        5    ######.
 Lee's Rapid Deconstruct  Erth           #.........   100%        5    ######.
 Lightning Bolt           Conj/Air       #.........   100%        5    ######.
 Metabolic Englaciation   Hex/Ice        #.........   100%        5    ######.
 Silence                  Hex/Air        #.........   100%        5    ######.
 Yara's Violent Unravell  Hex/Tmut       #.........   100%        5    ######.
 Darkness                 Hex            #.........   100%        6    #######
 Freezing Cloud           Conj/Ice/Air   #.........   100%        6    #######
 Hydra Form               Tmut           #.........   100%        6    #######
 Shadow Creatures         Summ           N/A          100%        6    #######
 Starburst                Conj/Fire      #.........   100%        6    #######
 Statue Form              Tmut/Erth      #........    100%        6    #######
 Dragon Form              Tmut           #.........   100%        7    #######
 Ring of Flames           Chrm/Fire      #.........   100%        7    #######
 Ignition                 Fire           #.........   100%        8    #######
 Dragon's Call            Summ           #.........   100%        9    #######
 Shatter                  Erth           #.........   100%        9    #######
 Tornado                  Air            #.........   100%        9    #######


Dungeon Overview and Level Annotations

Branches:
Dungeon (15/15)            Temple (0/1) D:6            Lair (6/6) D:8
  Swamp (4/4) Lair:4        Snake (4/4) Lair:3        Slime (5/5) Lair:5
    Orc (2/2) D:9             Elf (3/3) Orc:2        Vaults (5/5) D:14
  Crypt (0/3) Vaults:2     Depths (5/5) D:15            Zot (0/5) Depths:5
  Sewer (visited)           IceCv (visited)

Altars:
Cheibriados
Dithmenos
Elyvilon
Gozag
Hepliaklqana
Kikubaaqudgha
Okawaru
Qazlal
Trog
Uskayaw
Wu Jian
Xom
Yredelemnul
The Shining One
Beogh

Shops:
D:5 *   D:10 *   D:12 [   Orc:2 ([(=*   Elf:1 %   Elf:3 ?   Snake:2 !***
Vaults:1 *   Depths:2 [((}   Depths:3 *!}[[

Portals:
Hell: Depths:1 Depths:2 Depths:3 Depths:4 Depths:5
Abyss: Depths:2 Depths:4
Pandemonium: Depths:3 Depths:4
Ziggurat: Depths:5

Annotations:
Lair:3 exclusion: oklob plant
Lair:4 exclusion: oklob plant
Lair:5 exclusion: oklob plant
Swamp:1 2 transporters
Elf:2 1 runed translucent door, Aprye's ghost, adept HOFi
Depths:5 3 runed translucent doors, Byigapiw's ghost, legendary FoAK


Innate Abilities, Weirdness & Mutations

You have claws for feet.
You are completely covered in thin metallic scales. (AC +4, rElec)
Your flesh is cold resistant. (rC+)
You frequently emit foul miasma when damaged in melee.
Your magical and physical power is enhanced at high health.
You are immune to rotting.
You are immune to freezing clouds.
You have very sharp teeth.
Your magical capacity is low. (-10% MP)
You are weak. (Str -2)


Message History

Attack whom?
Press: ? - help, Dir - move target cursor, f - golden dragon
Aim: a golden dragon (catching @pronoun_posessive@ breath)
You reach to attack!
You impale the golden dragon!!
The golden dragon is lightly wounded.
Attack whom?
Press: ? - help, Dir - move target cursor, f/p - golden dragon
Aim: a golden dragon (lightly wounded, catching @pronoun_posessive@ breath)
You reach to attack!
You hit the golden dragon.
The golden dragon is poisoned.
The golden dragon is moderately wounded.
The phantasmal warrior blinks!
You block the golden dragon's attack. x3
You block the golden dragon's attack.
The golden dragon completely misses you.
You block the golden dragon's attack.
The shadow dragon breathes negative energy at you.
The bolt of negative energy hits the phantasmal warrior.
The phantasmal warrior completely resists.
The bolt of negative energy hits you!!
You feel drained.
You die...

##################
..........)......#
.().((..(..).)...#
#############)...#
# #%....#....)...#
# #.....#.....#.@#
# #.....#.....#D.#
###..)))#.....#.W#
...#####)######..#
###.....#)....#.D#
# #..... .....#..#
# #..... ...(.#..#
###.....#....[#..#
...#####.######..#


You could see a shadow dragon (catching breath), a golden dragon (very poisoned)
and a phantasmal warrior.

Vanquished Creatures
  2 ancient liches (Vaults:5)
  Mara (Vaults:2)
  2 juggernauts
  Sojobo (Vaults:5)
  Bai Suzhen (Vaults:5)
  Frederick (Vaults:3)
  A caustic shrike (Depths:3)
  Vashnia (Snake:2)
  Margery (Vaults:2)
  the Lernaean hydra (Swamp:4)
  8 golden dragons
  A profane servitor (Abyss:3)
  Nikola (Elf:3)
  2 bone dragons
  Jory (Vaults:2)
  Rupert (Orc:2)
  2 liches
  Jorgrun (Elf:2)
  2 tentacled monstrosities
  2 quicksilver dragons
  2 deep elf blademasters (Elf:3)
  A titan (Depths:2)
  3 acid blobs
  A deep elf master archer (Elf:3)
  An acid blob (shapeshifter) (Vaults:5)
  3 tentacled starspawn
  4 thorn hunters
  2 sphinxes (Depths:2)
  2 storm dragons
  Kirke (Lair:6)
  4 azure jellies
  13 nagarajas
  6 shadow dragons
  9 fire giants
  11 tengu reavers
  11 vault wardens
  12 frost giants
  An iron dragon (Depths:4)
  6 deep elf sorcerers
  3 orc warlords
  Aizul (Swamp:1)
  6 deep elf elementalists
  A war gargoyle (Vaults:5)
  A draconian annihilator (Depths:5)
  25 very ugly things
  14 ironheart preservers
  4 entropy weavers
  19 stone giants
  A spriggan defender (Depths:2)
  A green draconian (Depths:5)
  3 vampire knights
  Azrael (D:12)
  2 deep elf annihilators
  7 deep elf demonologists
  2 white draconians (Depths:5)
  8 spark wasps
  A yellow draconian (Depths:5)
  19 ettins
  6 deep elf death magi
  5 deep elf high priests
  Snorg (D:10)
  10 fire dragons
  A fire dragon (shapeshifter) (Depths:5)
  A merfolk impaler (Depths:4)
  17 yaktaur captains
  A death ooze (Lair:5)
  5 rakshasas
  44 vault guards
  14 great orbs of eyes
  Harold (D:10)
  29 hydras
  4 shambling mangroves
  3 ghost crabs
  13 ice dragons
  21 naga warriors
  2 catoblepae
  6 spriggan air magi
  14 ogre magi
  27 two-headed ogres
  6 centaur warriors
  3 death knights
  7 deep troll earth magi
  9 death yaks
  10 anacondas
  Erica (D:11)
  A hell hog (Depths:3)
  22 dancing weapons
  A titan zombie (Vaults:4)
  11 alligators
  9 shock serpents
  3 tengu warriors
  A vampire mage (Depths:2)
  11 naga sharpshooters
  11 deep troll shamans
  Urug (Orc:2)
  4 orc high priests
  2 thrashing horrors
  7 spriggan berserkers
  12 spriggans
  Nergalle (D:10)
  Sonja (D:11)
  10 deep elf knights
  12 hell knights
  2 iron trolls (Depths:3)
  2 wretched stars
  8 salamander mystics
  3 shadow wraiths
  A fire crab (shapeshifter) (Vaults:1)
  5 flayed ghosts
  5 unseen horrors
  5 large abominations
  5 wizards
  7 glowing orange brains
  A glowing orange brain (shapeshifter) (Vaults:1)
  Pikel (D:8)
  A death drake (Abyss:2)
  23 deep trolls
  A shadow demon (Abyss:2)
  16 swamp dragons
  7 naga ritualists
  A spriggan druid (Swamp:3)
  2 phantasmal warriors (Vaults:5)
  An orange crystal statue (Elf:1)
  5 lindwurms
  11 deep elf archers
  20 ironbrand convokers
  6 necromancers
  8 orc sorcerers
  2 shining eyes
  A wolf spider zombie (D:15)
  20 mana vipers
  A salamander (shapeshifter) (Depths:4)
  2 stone giant zombies
  22 orc knights
  10 salamanders
  3 wolf spiders
  67 ugly things
  A fire giant zombie (Abyss:2)
  5 cyclopes
  An elephant (shapeshifter) (Vaults:2)
  A worldbinder (Abyss:1)
  3 manticores
  39 deep elf magi
  A faun (Lair:1)
  6 elephants
  2 human skeletons (Vaults:4)
  18 naga magi
  A moth of wrath (shapeshifter) (D:15)
  51 black mambas
  2 molten gargoyles (Lair:4)
  5 smoke demons
  2 gargoyles
  3 ice statues (IceCv)
  16 vault sentinels
  2 torpor snails (Lair:5)
  2 yaktaur zombies (Vaults:4)
  A rust devil (Depths:4)
  21 spiny frogs
  A spiny frog (shapeshifter) (Vaults:3)
  2 apocalypse crabs
  10 guardian serpents
  2 orange demons
  A redback zombie (D:14)
  Psyche (D:11)
  A kobold demonologist (Abyss:3)
  11 komodo dragons
  5 rime drakes
  An eye of devastation (Slime:3)
  A human zombie (Vaults:2)
  A hellion (Abyss:1)
  A tormentor (Abyss:2)
  An efreet (Abyss:2)
  42 yaktaurs
  7 freezing wraiths
  An ancient zyme (Abyss:2)
  3 ice devils
  8 trolls
  A meliai (shapeshifter) (Vaults:4)
  A red devil (Depths:1)
  5 tengu conjurers
  3 meliai (Lair:5)
  A jumping spider (shapeshifter) (Depths:4)
  2 queen bees (shapeshifter) (Depths:5)
  A merfolk (D:9)
  A hornet (shapeshifter) (Depths:3)
  A hippogriff (shapeshifter) (Vaults:5)
  2 polar bears
  12 bog bodies
  A queen bee (Lair:5)
  28 hornets
  2 ettin zombies
  Prince Ribbit (D:8)
  45 slime creatures
  9 tyrant leeches
  18 blink frogs
  A blink frog (shapeshifter) (Vaults:1)
  6 raiju
  8 hippogriffs
  A fire dragon zombie (Abyss:2)
  34 yaks
  6 flying skulls (Abyss:3)
  7 air elementals
  9 redbacks
  2 ynoxinuls
  11 water elementals
  An ettin skeleton (Vaults:5)
  17 wyverns
  A shock serpent simulacrum (Abyss:1)
  Sigmund (D:6)
  A spriggan (shapeshifter) (Vaults:2)
  5 shadows
  A fire dragon skeleton (Abyss:2)
  5 wraiths
  5 hogs (Lair:6)
  6 golden eyes
  4 hungry ghosts
  10 fire elementals
  A hog (shapeshifter) (Depths:3)
  2 basilisks
  A yaktaur simulacrum (Vaults:4)
  7 vampire mosquitoes
  5 steam dragons
  2 neqoxecs
  2 chaos spawn
  A soldier ant (shapeshifter) (Depths:4)
  4 wargs
  5 acid dragons
  16 insubstantial wisps
  A soldier ant (D:13)
  A swamp worm (shapeshifter) (Depths:3)
  47 nagas
  13 swamp worms
  21 water moccasins
  Duvessa (D:4)
  A porcupine (shapeshifter) (Depths:3)
  12 hell hounds
  10 ice beasts
  2 floating eyes
  8 porcupines
  A necrophage (D:7)
  50 orc warriors
  A black bear (shapeshifter) (D:15)
  20 swamp drakes
  4 sky beasts
  A black bear (D:11)
  An eye of draining (shapeshifter) (Vaults:4)
  4 eyes of draining
  A hornet zombie (D:14)
  A fire dragon simulacrum (Abyss:3)
  30 ogres
  2 phantoms
  5 boggarts (Vaults:1)
  A boggart (shapeshifter) (Depths:1)
  15 centaurs
  27 wolves
  21 crocodiles
  A big kobold (shapeshifter) (Depths:4)
  2 big kobolds
  21 bullfrogs
  10 small abominations
  2 earth elementals (Elf:1)
  Blork the orc (Orc:2)
  Dowan (D:4)
  A wyvern zombie (D:7)
  A water moccasin zombie (D:8)
  A wyvern skeleton (D:13)
  4 scorpions
  49 killer bees
  4 human simulacra
  10 wights
  3 electric eels
  6 howler monkeys
  12 crimson imps
  5 lava snakes (Lair:4)
  3 starcursed masses (Abyss:3)
  A wyvern simulacrum (D:13)
  10 hounds
  2 quasits
  2 bullfrog zombies
  3 centaur zombies
  5 jellies
  28 orc priests
  22 orc wizards
  3 bullfrog skeletons
  2 iron imps
  3 centaur skeletons
  13 iguanas
  8 hell rats
  11 worker ants
  2 hound zombies
  2 worker ant zombies
  12 gnolls
  A gnoll (shapeshifter) (Depths:2)
  A howler monkey skeleton (D:6)
  18 adders
  4 river rats (Sewer)
  4 shadow imps
  A white imp (Abyss:1)
  3 ufetubi
  2 oozes
  A dart slug (D:1)
  5 worms
  13 leopard geckos
  100 orcs
  12 ball pythons
  7 giant cockroaches
  11 goblins
  7 hobgoblins
  9 jackals
  5 quokkas
  9 bats
  13 frilled lizards
  A jackal skeleton (D:4)
  A jackal zombie (D:8)
  14 kobolds
  32 rats
  3 fungi
  A plant (Lair:5)
2352 creatures vanquished.

Vanquished Creatures (others)
  A deep elf master archer (Elf:3)
  A stone giant (Depths:3)
  An ironheart preserver (Vaults:3)
  2 yaktaur captains
  6 centaur warriors
  A hydra (Swamp:4)
  An ogre mage (Vaults:3)
  5 naga sharpshooters
  A deep elf archer (Elf:2)
  A harpy (shapeshifter) (D:15)
  An ugly thing (Swamp:4)
  A deep elf mage (Elf:3)
  14 yaktaurs
  A hornet (Swamp:4)
  An air elemental (Elf:2)
  4 slaves (D:8)
  7 centaurs
  A killer bee (Lair:5)
  A hound (D:8)
  3 orcs
  3 kobolds (D:8)
  9 fungi
  A lurking horror (Abyss:3)
  17 plants
  8 starspawn tentacles
  9 toadstools (Swamp:3)
101 creatures vanquished.

Grand Total: 2453 creatures vanquished

Notes
Turn   | Place    | Note
-------+----------+-------------------------------------------
     0 | D:1      | Gumption the Demonspawn Gladiator began the quest for the
                  | Orb.
     0 | D:1      | Reached XP level 1. HP: 16/16 MP: 1/1
   352 | D:1      | Gained mutation: Your flesh is cold resistant. (rC+)
                  | [demonic ancestry]
   352 | D:1      | Reached XP level 2. HP: 22/22 MP: 2/2
  1030 | D:2      | Gained mutation: You have sharp toenails. [demonic
                  | ancestry]
  1030 | D:2      | Reached XP level 3. HP: 28/28 MP: 3/3
  1638 | D:2      | Found an opulent altar of Gozag.
  2236 | D:3      | Gained mutation: You are immune to freezing clouds.
                  | [demonic ancestry]
  2236 | D:3      | Reached XP level 4. HP: 34/34 MP: 4/4
  2699 | D:3      | Gained mutation: You are immune to rotting. [demonic
                  | ancestry]
  2699 | D:3      | Reached XP level 5. HP: 36/41 MP: 5/5
  2826 | D:3      | Found an iron altar of Okawaru.
  2882 | D:3      | Became a worshipper of Warmaster Okawaru
  3300 | D:4      | Found a glowing drain.
  3332 | Sewer    | Entered a sewer
  3355 | Sewer    | Reached skill level 1 in Armour
  3655 | Sewer    | Reached XP level 6. HP: 42/47 MP: 6/6
  3812 | Sewer    | Reached skill level 5 in Polearms
  4071 | D:4      | Gained mutation: You may emit foul miasma when damaged in
                  | melee. [demonic ancestry]
  4071 | D:4      | Reached XP level 7. HP: 48/53 MP: 7/7
  4112 | D:4      | Found an ornate altar of the Wu Jian Council.
  4225 | D:4      | Found a hide-covered altar of Uskayaw.
  4248 | D:4      | Noticed Duvessa
  4248 | D:4      | Noticed Dowan
  4268 | D:4      | Killed Duvessa
  4268 | D:4      | Reached * piety under Okawaru
  4287 | D:4      | Killed Dowan
  5140 | D:5      | Entered Level 5 of the Dungeon
  5197 | D:5      | Found a white marble altar of Elyvilon.
  5246 | D:5      | Found a bloodstained altar of Trog.
  5361 | D:5      | Found an ancient bone altar of Kikubaaqudgha.
  5363 | D:5      | Found Xuowib's General Store.
  5372 | D:5      | Bought a scroll of teleportation for 39 gold pieces
  5410 | D:5      | Found a shadowy altar of Dithmenos.
  5414 | D:5      | Found a stormy altar of Qazlal.
  5484 | D:5      | Reached XP level 8. HP: 60/61 MP: 8/8
  5807 | D:6      | Reached ** piety under Okawaru
  6105 | D:6      | Found a staircase to the Ecumenical Temple.
  6363 | D:6      | Noticed Sigmund
  6369 | D:6      | Reached skill level 5 in Fighting
  6369 | D:6      | Reached skill level 5 in Dodging
  6375 | D:5      | Found a hazy altar of Hepliaklqana.
  6542 | D:6      | Killed Sigmund
  6701 | D:6      | Found a shimmering altar of Xom.
  7133 | D:7      | Found a glowing golden altar of the Shining One.
  7390 | D:7      | Reached XP level 9. HP: 68/68 MP: 9/9
  9064 | D:8      | Noticed a troll
  9164 | D:7      | Killed a troll
  9168 | D:7      | Upgraded the game from 0.25-a0-886-gd7461d2276 to
                  | 0.25-a0-927-g39f137c8b7
  9367 | D:8      | Reached skill level 5 in Armour
  9374 | D:8      | Noticed a two-headed ogre
  9395 | D:8      | Killed a two-headed ogre
  9395 | D:8      | Reached *** piety under Okawaru
  9889 | D:8      | Noticed Prince Ribbit
  9894 | D:7      | Gained mutation: You have razor-sharp toenails. [demonic
                  | ancestry]
  9894 | D:7      | Reached XP level 10. HP: 75/77 MP: 12/12
 10163 | D:8      | Noticed Pikel
 10190 | D:8      | Killed Pikel
 10451 | D:8      | Noticed a two-headed ogre
 10939 | D:8      | Killed Prince Ribbit
 10944 | D:8      | Found a staircase to the Lair.
 11145 | D:8      | Reached **** piety under Okawaru
 11282 | D:7      | Reached skill level 5 in Invocations
 11332 | D:7      | Killed a two-headed ogre
 11332 | D:7      | Reached skill level 10 in Polearms
 12103 | D:9      | Found a staircase to the Orcish Mines.
 12263 | D:9      | Gained mutation: You have claws for feet. [demonic
                  | ancestry]
 12263 | D:9      | Reached XP level 11. HP: 59/86 MP: 13/15
 12577 | D:9      | Noticed a seven-headed hydra
 12586 | D:9      | Killed a seven-headed hydra
 12596 | D:9      | Found a basalt altar of Yredelemnul.
 12739 | D:10     | Entered Level 10 of the Dungeon
 13425 | D:10     | Noticed Nergalle
 13451 | D:10     | Killed Nergalle
 13577 | D:10     | Found Terokh's Changing Room.
 13642 | D:10     | Noticed Snorg
 13662 | D:10     | Killed Snorg
 13662 | D:10     | Reached ***** piety under Okawaru
 14172 | D:10     | Noticed Harold
 14200 | D:10     | Killed Harold
 14598 | D:11     | Noticed Sonja
 14705 | D:11     | Killed Sonja
 15669 | D:11     | Gained mutation: You are partially covered in thin metallic
                  | scales. (AC +2) [demonic ancestry]
 15669 | D:11     | Reached XP level 12. HP: 95/95 MP: 18/18
 15701 | D:11     | Noticed Psyche
 15714 | D:11     | Killed Psyche
 16059 | D:11     | Noticed Erica
 16074 | D:11     | Killed Erica
 16588 | Lair:1   | Entered Level 1 of the Lair of Beasts
 16644 | Lair:1   | Received a gift from Okawaru
 17134 | Lair:1   | Reached skill level 10 in Fighting
 17320 | D:5      | Bought the +3 pair of gauntlets of War {Slay+5} for 617
                  | gold pieces
 17320 | D:5      | Found the +3 pair of gauntlets of War {Slay+5}
 17736 | Lair:1   | Noticed a seven-headed hydra
 17743 | Lair:1   | Killed a seven-headed hydra
 18250 | Lair:2   | Noticed a seven-headed hydra
 18257 | Lair:2   | Killed a seven-headed hydra
 18345 | Lair:2   | Got a scorched bronze ring
 18358 | Lair:2   | Found a frozen archway.
 18535 | IceCv    | Entered an ice cave
 18963 | IceCv    | Gained mutation: You are mostly covered in thin metallic
                  | scales. (AC +3) [demonic ancestry]
 18963 | IceCv    | Reached XP level 13. HP: 88/104 MP: 19/19
 18998 | IceCv    | Got ichor-stained ice dragon scales
 19015 | IceCv    | Identified the +4 ice dragon scales "Fegoidosie" {rF- rC++
                  | Str+3 Dex+4} (You found it in an ice cave)
 19026 | IceCv    | Identified the ring "Dunt" {rF+ SInv} (You found it on
                  | level 2 of the Lair of Beasts)
 19964 | Lair:3   | Received a gift from Okawaru
 20262 | Lair:3   | Received a gift from Okawaru
 20262 | Lair:3   | Reached skill level 10 in Armour
 20341 | Lair:3   | Found a staircase to the Snake Pit.
 20950 | Lair:4   | Reached skill level 1 in Axes
 21722 | Lair:4   | You fall into a shaft and drop 2 floors!
 21722 | Lair:6   | Entered Level 6 of the Lair of Beasts
 21817 | Lair:6   | Reached ****** piety under Okawaru
 21821 | Lair:6   | Received a gift from Okawaru
 22152 | Lair:4   | Reached XP level 14. HP: 97/114 MP: 20/20
 22162 | Lair:4   | Found a staircase to the Swamp.
 22663 | Lair:5   | Reached skill level 5 in Axes
 23258 | Lair:5   | Received a gift from Okawaru
 23259 | Lair:5   | Got a crude fustibalus {god gift}
 23260 | Lair:5   | Identified the +1 fustibalus of Qewor {speed, Str+4 SInv}
                  | (Okawaru gifted it to you on level 5 of the Lair of Beasts)
 23618 | Lair:5   | Found a staircase to the Slime Pits.
 23860 | Lair:5   | Reached skill level 1 in Shields
 24273 | Lair:5   | Reached skill level 2 in Shields
 24454 | Lair:6   | Noticed Kirke
 24494 | Lair:6   | Killed Kirke
 24511 | Lair:6   | Reached skill level 3 in Shields
 24825 | Lair:6   | Received a gift from Okawaru
 24847 | Lair:6   | Reached skill level 4 in Shields
 25118 | Lair:6   | Reached skill level 5 in Shields
 25630 | Lair:6   | Received a gift from Okawaru
 26148 | Orc:1    | Entered Level 1 of the Orcish Mines
 26163 | Orc:1    | Reached skill level 6 in Shields
 26342 | Orc:1    | Gained mutation: You frequently emit foul miasma when
                  | damaged in melee. [demonic ancestry]
 26342 | Orc:1    | Reached XP level 15. HP: 123/123 MP: 21/21
 26708 | Orc:1    | Found a roughly hewn altar of Beogh.
 26812 | Orc:2    | Entered Level 2 of the Orcish Mines
 26812 | Orc:2    | Noticed Urug
 27271 | D:12     | Noticed Azrael
 27298 | D:12     | Killed Azrael
 27814 | D:12     | Reached skill level 7 in Shields
 27866 | D:12     | Found Odavel's Armour Shoppe.
 28079 | D:13     | Got an iridescent hunting sling
 28082 | D:13     | Identified the +7 hunting sling of Indomitability {flame,
                  | Fragile rN+ Int+4} (You found it on level 13 of the
                  | Dungeon)
 28393 | D:13     | Received a gift from Okawaru
 29040 | D:13     | Reached skill level 8 in Shields
 29192 | D:14     | Found a gate to the Vaults.
 29692 | D:14     | Reached skill level 9 in Shields
 30253 | D:15     | Entered Level 15 of the Dungeon
 30523 | D:15     | Identified the +1 trident of Mulakh {vorpal, *Rage +Inv
                  | Int+3}
 30531 | D:15     | Found a staircase to the Depths.
 30595 | D:15     | Gained mutation: Your magical and physical power is
                  | slightly enhanced at high health. [demonic ancestry]
 30595 | D:15     | Reached XP level 16. HP: 133/133 MP: 22/22
 30996 | D:15     | Reached skill level 10 in Shields
 31449 | Swamp:1  | Entered Level 1 of the Swamp
 31454 | Swamp:1  | Received a gift from Okawaru
 31542 | Swamp:1  | Reached skill level 1 in Evocations
 31597 | Swamp:1  | Noticed Aizul
 31796 | Swamp:1  | Killed Aizul
 31987 | Swamp:1  | Upgraded the game from 0.25-a0-927-g39f137c8b7 to
                  | 0.25-a0-934-g041635d5d1
 32004 | Swamp:1  | Found a transporter.
 32188 | Swamp:1  | Received a gift from Okawaru
 32244 | Swamp:1  | Found a basalt altar of Yredelemnul.
 32247 | Swamp:1  | You fall into a shaft and drop 1 floor!
 32272 | Swamp:2  | Reached skill level 11 in Shields
 32549 | Swamp:1  | Received a gift from Okawaru
 32550 | Swamp:1  | Got a pair of polished gloves {god gift}
 32569 | Swamp:1  | Identified the +0 pair of gloves of the Country {rCorr MP+9
                  | Dex+6} (Okawaru gifted it to you on level 1 of the Swamp)
 32665 | Swamp:1  | Found a transporter.
 34247 | Swamp:3  | Reached skill level 5 in Evocations
 34333 | Swamp:3  | Noticed a thorn hunter
 34350 | Swamp:3  | Killed a thorn hunter
 34427 | Swamp:3  | Reached skill level 12 in Shields
 34688 | Swamp:3  | Got a shimmering lead ring
 34689 | Swamp:3  | Identified the ring "Fiuhimash" {rElec rPois Int-3 SInv}
                  | (You found it on level 3 of the Swamp)
 34722 | Swamp:3  | Noticed a thorn hunter
 34727 | Swamp:3  | Killed a thorn hunter
 34728 | Swamp:3  | Noticed a thorn hunter
 34740 | Swamp:3  | Killed a thorn hunter
 34925 | Swamp:3  | Found a snail-covered altar of Cheibriados.
 35092 | Swamp:4  | Entered Level 4 of the Swamp
 35258 | Swamp:4  | Reached XP level 17. HP: 139/139 MP: 23/23
 35782 | Swamp:4  | Received a gift from Okawaru
 35800 | Swamp:4  | Noticed the 27-headed Lernaean hydra
 36056 | Swamp:4  | Upgraded the game from 0.25-a0-934-g041635d5d1 to
                  | 0.25-a0-942-g87a53962fc
 36808 | Swamp:4  | Reached skill level 13 in Shields
 36822 | Swamp:4  | Killed the 27-headed Lernaean hydra
 37362 | Swamp:4  | Got a decaying rune of Zot
 37898 | Orc:2    | Killed Urug
 38071 | Orc:2    | Noticed Rupert
 38098 | Orc:2    | Killed Rupert
 38112 | Orc:2    | Found a staircase to the Elven Halls.
 38787 | Orc:2    | Found Zonibbov's Weapon Shop.
 38891 | Orc:2    | Noticed Blork the orc
 38981 | Orc:2    | Killed Blork the orc
 39000 | Orc:2    | Found a roughly hewn altar of Beogh.
 39028 | Orc:2    | Found Cauzxo's Antique Weapon Emporium.
 39083 | Orc:2    | Found Wyfuvaez's General Store.
 39164 | Orc:2    | Found Itus Cye's Antique Armour Emporium.
 39245 | Orc:2    | Found Eses's Jewellery Emporium.
 39261 | Orc:2    | Bought the ring "Jamixog" {+Fly rPois MR++} for 675 gold
                  | pieces
 39432 | Snake:1  | Entered Level 1 of the Snake Pit
 39720 | Snake:1  | Received a gift from Okawaru
 39723 | Snake:1  | Got a translucent trident {god gift}
 39737 | Snake:1  | Identified the +6 trident of Revolt {freeze, rElec rF+}
                  | (Okawaru gifted it to you on level 1 of the Snake Pit)
 40507 | Snake:2  | Noticed Vashnia
 40536 | Snake:2  | Killed Vashnia
 40536 | Snake:2  | Reached skill level 14 in Shields
 40552 | Snake:2  | Reached XP level 18. HP: 147/147 MP: 19/24
 40847 | Snake:2  | Found Kupp's General Store.
 40849 | Snake:2  | Found Etuinoj's Assorted Antiques.
 40852 | Snake:2  | Found Ateggar's Assorted Antiques.
 40888 | Snake:2  | Found Ibecaq's Distillery.
 40890 | Snake:2  | Bought a scroll of fear for 101 gold pieces
 40999 | Snake:3  | Received a gift from Okawaru
 41381 | Snake:3  | Received a gift from Okawaru
 41634 | Snake:3  | Reached skill level 15 in Fighting
 41998 | Snake:4  | Entered Level 4 of the Snake Pit
 42529 | Snake:4  | Reached skill level 15 in Shields
 42544 | Snake:4  | Reached skill level 15 in Armour
 42769 | Snake:4  | Received a gift from Okawaru
 43792 | Snake:4  | Received a gift from Okawaru
 44081 | Snake:4  | Received a gift from Okawaru
 44096 | Snake:4  | Got a steaming robe {god gift}
 44276 | Snake:4  | Reached XP level 19. HP: 151/155 MP: 25/25
 44756 | Snake:4  | Reached skill level 16 in Shields
 45095 | Snake:4  | Got a serpentine rune of Zot
 45518 | D:15     | Upgraded the game from 0.25-a0-942-g87a53962fc to
                  | 0.25-a0-949-gdd2af9e06e
 45519 | Depths:1 | Entered Level 1 of the Depths
 46194 | Depths:1 | Noticed a lich
 46208 | Depths:1 | Killed a lich
 46690 | Depths:1 | Received a gift from Okawaru
 46914 | Depths:1 | Found a runed translucent door.
 47107 | Depths:1 | Found a gateway to Hell.
 47564 | Depths:1 | Found a roughly hewn altar of Beogh.
 48012 | Depths:2 | Reached skill level 17 in Shields
 48136 | Depths:2 | Found Wetaarch's Weapon Shoppe.
 48139 | Depths:2 | Found Letzic Itep's Gadget Shoppe.
 48139 | Depths:2 | Found Buxuifupp's Antique Armour Emporium.
 48144 | Depths:2 | Found Sobaadun's Weapon Emporium.
 48194 | Depths:2 | Bought a shiny helmet for 232 gold pieces
 48194 | Depths:2 | Found a one-way gate to the infinite horrors of the Abyss.
 48241 | Depths:2 | Reached XP level 20. HP: 157/166 MP: 26/26
 48300 | Depths:2 | Received a gift from Okawaru
 48847 | Depths:2 | Noticed a golden dragon
 48862 | Depths:2 | Killed a golden dragon
 49362 | Depths:2 | Noticed a juggernaut
 49362 | Depths:2 | Identified the ring of Eblaem {rC+ rN+++ MP-9 Dex+5 SInv}
 49470 | Depths:2 | Killed a juggernaut
 49725 | Depths:2 | Identified a scroll of acquirement
 49888 | Depths:2 | Bought a glowing crystal plate armour for 2573 gold pieces
 50163 | Depths:2 | Noticed a golden dragon
 50182 | Depths:2 | Killed a golden dragon
 50560 | Depths:3 | Found Wulem's Gadget Emporium.
 50606 | Depths:2 | Received a gift from Okawaru
 50825 | Depths:3 | Reached skill level 18 in Shields
 51211 | Depths:3 | Found Ywunofydu's Antique Armour Shoppe.
 51383 | Depths:3 | Noticed a caustic shrike
 51398 | Depths:3 | Killed a caustic shrike
 51533 | Depths:3 | Received a gift from Okawaru
 51618 | Depths:3 | Reached XP level 21. HP: 157/174 MP: 27/27
 51940 | Depths:3 | Found Maicoyg Alept's General Store.
 51943 | Depths:3 | Bought a scroll of torment for 157 gold pieces
 52055 | Depths:3 | Found a one-way gate leading to the halls of Pandemonium.
 52060 | Depths:3 | Found Wugopais's Distillery.
 52074 | Depths:3 | Identified the ring "Loalemp" {EV+2 SInv} (You acquired it
                  | on level 3 of the Depths)
 52332 | Depths:3 | Found Jobeujek's Antique Armour Boutique.
 52751 | Depths:3 | Noticed a golden dragon
 52762 | Depths:3 | Killed a golden dragon
 52898 | Depths:3 | Reached skill level 10 in Dodging
 53051 | Depths:3 | Received a gift from Okawaru
 53672 | Depths:4 | Paralysed by a floating eye for 3 turns
 53708 | Depths:4 | Received a gift from Okawaru
 54282 | Depths:4 | Received a gift from Okawaru
 54283 | Depths:4 | Got a crude robe {god gift}
 54424 | Depths:4 | Reached skill level 19 in Shields
 54958 | Depths:4 | Upgraded the game from 0.25-a0-949-gdd2af9e06e to
                  | 0.25-a0-972-g74ed164fb1
 55141 | Depths:5 | Entered Level 5 of the Depths
 55141 | Depths:5 | Noticed a juggernaut
 55158 | Depths:5 | Noticed a golden dragon
 55315 | Depths:4 | Killed a golden dragon
 55727 | Depths:5 | Reached XP level 22. HP: 144/183 MP: 28/28
 55791 | Depths:5 | Killed a juggernaut
 55791 | Depths:5 | Received a gift from Okawaru
 55792 | Depths:5 | Got a polished hat {god gift}
 55805 | Depths:5 | Identified the -7 hat "Pepporai" {*Slow MR+ Dex+3} (Okawaru
                  | gifted it to you on level 5 of the Depths)
 55984 | Depths:5 | Noticed a golden dragon
 56032 | Depths:5 | Killed a golden dragon
 56162 | Depths:5 | Found a gate to the Realm of Zot.
 56549 | Depths:5 | Found a gateway to a ziggurat.
 57065 | Depths:5 | Found a runed translucent gate.
 57065 | Depths:5 | Noticed a caustic shrike
 57066 | Depths:5 | Found a runed translucent gate.
 57071 | Depths:5 | Noticed a juggernaut
 57072 | Depths:5 | Noticed Byigapiw's ghost (legendary FoAK)
 57073 | Depths:5 | Noticed an ancient lich
 57084 | Depths:5 | Found a runed translucent gate.
 57347 | Vaults:1 | Entered Level 1 of the Vaults
 57872 | Vaults:1 | Received a gift from Okawaru
 57881 | Vaults:1 | Got a heavily jewelled robe {god gift}
 58090 | Vaults:1 | Found Maileic's Assorted Antiques.
 58141 | Vaults:1 | Reached skill level 20 in Shields
 59486 | Vaults:2 | Found the +1 cloak of Starlight {rElec rC+ EV+4 Stlth--}
 59585 | Vaults:2 | Noticed Mara
 59599 | Vaults:2 | Noticed Gumption's illusion
 59726 | Vaults:2 | Killed Mara
 59726 | Vaults:2 | Received a gift from Okawaru
 59726 | Vaults:2 | Gained mutation: You are completely covered in thin
                  | metallic scales. (AC +4, rElec) [demonic ancestry]
 59726 | Vaults:2 | Reached XP level 23. HP: 191/192 MP: 21/29
 59729 | Vaults:2 | Got a crude spear {god gift}
 59735 | Vaults:2 | Identified the +3 spear of Fixation {chaos, Int+7} (Okawaru
                  | gifted it to you on level 2 of the Vaults)
 59772 | Vaults:2 | Noticed Jory
 59800 | Vaults:2 | Killed Jory
 59820 | Vaults:2 | Noticed Margery
 59848 | Vaults:2 | Killed Margery
 59927 | Vaults:2 | Found an iron altar of Okawaru.
 60115 | Vaults:2 | Found a staircase to the Crypt.
 60115 | Vaults:2 | Found an ancient bone altar of Kikubaaqudgha.
 60155 | Vaults:2 | Found a basalt altar of Yredelemnul.
 60718 | Vaults:2 | Received a gift from Okawaru
 60719 | Vaults:2 | Got a bronze plate armour {god gift}
 60720 | Vaults:2 | Identified the +10 plate armour of Fukiel {rCorr Dex+4}
                  | (Okawaru gifted it to you on level 2 of the Vaults)
 61527 | Vaults:3 | Reached skill level 21 in Shields
 61708 | Vaults:3 | Noticed Frederick
 61741 | Vaults:3 | Killed Frederick
 61777 | Vaults:3 | Got a pair of pitted gloves
 61781 | Vaults:3 | Identified the cursed +0 pair of gloves "Voiqed" {Stlth+}
                  | (You found it on level 3 of the Vaults)
 62515 | Vaults:4 | Reached skill level 15 in Dodging
 62774 | Vaults:4 | Identified the +11 triple crossbow of Oozing Pus {flame,
                  | rElec rF+ rC+ Dex-4}
 62940 | Vaults:4 | Received a gift from Okawaru
 63234 | Vaults:4 | Received a gift from Okawaru
 63496 | Vaults:4 | Gained mutation: Your magical and physical power is
                  | enhanced at high health. [demonic ancestry]
 63496 | Vaults:4 | Reached XP level 24. HP: 188/201 MP: 29/29
 64068 | Elf:1    | Entered Level 1 of the Elven Halls
 64109 | Elf:1    | Found Muefoul's Food Shop.
 64290 | Elf:1    | Identified Acau's Reference Book on Spatial Changing
 64543 | Elf:1    | You fall into a shaft and drop 1 floor!
 64594 | Elf:2    | Gained mutation: Potions are less effective at restoring
                  | your health. [a neqoxec]
 64600 | Elf:2    | Gained mutation: You are dopey. (Int -2) [a neqoxec]
 64753 | Elf:2    | Found a runed translucent gate.
 64753 | Elf:2    | Found a runed translucent gate.
 64753 | Elf:2    | Found a runed translucent gate.
 64808 | Elf:2    | Noticed Jorgrun
 64845 | Elf:2    | Killed Jorgrun
 65959 | Elf:2    | Found a runed translucent door.
 65964 | Elf:2    | Noticed Aprye's ghost (adept HOFi)
 66058 | Elf:3    | Entered Level 3 of the Elven Halls
 66058 | Elf:3    | Found Toidui's Magic Scroll Boutique.
 66094 | Elf:3    | Bought a scroll of silence for 142 gold pieces
 66117 | Elf:3    | Received a gift from Okawaru
 66191 | Elf:3    | Noticed Nikola
 66204 | Elf:3    | Killed Nikola
 66887 | Elf:3    | Identified the +8 rapier "Xuplepra" {vorpal, Dex+3}
 66889 | Elf:3    | Identified the +6 battleaxe "Qeokiuqa" {vorpal, rF- rN+
                  | Str+3}
 66889 | Elf:3    | Identified the ring of Gekiatto {+Blink AC+3 Str-5 Slay+3
                  | Stlth+}
 67469 | Elf:3    | Found a roughly hewn altar of Beogh.
 67571 | Elf:3    | Identified the +1 robe of Loscheok {+Blink rPois rC-}
 67587 | Elf:3    | Identified the +4 plate armour of the Volcano {rPois rF+
                  | Str+3 Dex-5}
 67606 | Elf:3    | Reached skill level 22 in Shields
 67732 | Elf:3    | Identified Gamegeifud's First Steps in Spellweaving
 67832 | Elf:3    | Identified the Incunabulum of Hurtful Earth
 67842 | Elf:3    | Identified the Volume of the Sinister Arsonist
 67846 | Elf:3    | Identified the Handbook of the Mountains and Combat Magic
 68184 | Slime:1  | Entered Level 1 of the Pits of Slime
 68191 | Slime:2  | Gained mutation: You possess an exceptional clarity of
                  | mind. [a shining eye]
 68266 | Slime:5  | Entered Level 5 of the Pits of Slime
 68353 | Slime:3  | Gained mutation: Armour fits poorly on your strangely
                  | shaped body. [a shining eye]
 69045 | Depths:2 | Lost mutation: Armour fits poorly on your strangely shaped
                  | body. [potion of mutation]
 69045 | Depths:2 | Lost mutation: You are dopey. (Int -2) [potion of mutation]
 69045 | Depths:2 | Lost mutation: You possess an exceptional clarity of mind.
                  | [potion of mutation]
 69045 | Depths:2 | Lost mutation: Potions are less effective at restoring your
                  | health. [potion of mutation]
 69045 | Depths:2 | Gained mutation: Your magical capacity is low. (-10% MP)
                  | [potion of mutation]
 69045 | Depths:2 | Gained mutation: Your spells are a little easier to cast,
                  | but a little less powerful. [potion of mutation]
 69045 | Depths:2 | Lost mutation: Your spells are a little easier to cast, but
                  | a little less powerful. [potion of mutation]
 69045 | Depths:2 | Gained mutation: You have very sharp teeth. [potion of
                  | mutation]
 69047 | Depths:2 | Voluntarily entered the Abyss.
 69290 | Abyss:1  | Received a gift from Okawaru
 69686 | Abyss:2  | Reached XP level 25. HP: 210/210 MP: 26/26
 69706 | Abyss:2  | Gained mutation: You are weak. (Str -2) [a neqoxec]
 70035 | Abyss:3  | Paralysed by accursed screaming for 1 turns
 70044 | Abyss:3  | Paralysed by accursed screaming for 1 turns
 70108 | Depths:2 | Escaped the Abyss
 70444 | D:15     | Upgraded the game from 0.25-a0-972-g74ed164fb1 to
                  | 0.25-a0-990-g0adbbaad2a
 70618 | Vaults:5 | Entered Level 5 of the Vaults
 70618 | Vaults:5 | Noticed an ancient lich
 70635 | Vaults:5 | Killed an ancient lich
 70717 | Vaults:5 | Received a gift from Okawaru
 71114 | Vaults:5 | Received a gift from Okawaru
 71209 | Vaults:5 | Received a gift from Okawaru
 71326 | Vaults:5 | Noticed Sojobo
 71349 | Vaults:5 | Killed Sojobo
 71349 | Vaults:5 | Reached skill level 23 in Shields
 71564 | Vaults:5 | Noticed Bai Suzhen
 71581 | Vaults:5 | Killed Bai Suzhen
 71606 | Vaults:5 | Reached skill level 15 in Polearms
 71913 | Vaults:5 | Noticed an ancient lich
 71934 | Vaults:5 | Killed an ancient lich
 71964 | Vaults:5 | HP: 10/212 [shadow dragon/bolt of negative energy (29)]
 71987 | Vaults:5 | Killed from afar by a shadow dragon

Illustrated notes

Levels and vault maps discovered:
D:1:      eino_arrival_cavern_b, layout_rooms, corexii_item_surrounded_by_moat
D:2:      layout_basic, marbit_many_paths, chequers_garden, dk_noncrumbling_3,
          minmay_box_of_dots
D:3:      layout_loops_cross, lemuel_round_altar
D:4:      layout_basic, lemuel_doored_altar, lemuel_crystal_altar,
          cheibrodos_sewer_entry_drain, uniq_duvessa
D:5:      layout_rooms, trog_eyes_of_draining, elyvilon_altar_4,
          nicolae_overflow_hidden_temple, serial_shops, shop_statue,
          first_ration
D:6:      layout_rooms, lemuel_round_altar, minmay_temple_entry_from_below_a,
          minmay_liquid_box, minmay_crossroads, uniq_sigmund
D:7:      layout_loops_corners, tso_metal_star
D:8:      layout_rooms, erik_lair_island, uniq_prince_ribbit1, uniq_pikel
D:9:      layout_rooms, old_standard_altar, st_stairs_9, hangedman_fish_farm
D:10:     lemuel_reptile_caves, layout_gridville, nicolae_transmutations_shop,
          uniq_nergalle, uniq_snorg, uniq_harold
D:11:     layout_stronghold, kennysheep_boxes, uniq_sonja, uniq_erica,
          uniq_psyche
D:12:     layout_small_grid, serial_shops, nicolae_shop_trees, uniq_azrael
D:13:     layout_gridville, minmay_the_grid_2x2 [minmay_the_grid_minigrid_large,
          minmay_the_grid_outer_diamond, minmay_the_grid_fan,
          minmay_the_grid_prize_inner_circle]
D:14:     layout_irregular_city, erik_vaults_2, kennysheep_flooded_box
D:15:     hangedman_depths_entry_civil_slaughter, layout_cave_pods,
          dk_noncrumbling_2
Lair:1:   layout_small_grid, minivault_27, grunt_forest_large_clearings,
          grunt_megastairs_5
Lair:2:   layout_loops_ring, portal_ice_cave_demonic_guard, grunt_megastairs_2
Lair:3:   layout_chaotic_city, minmay_snake_entry_guardpost_medium,
          grunt_megastairs_1, minmay_lair_oklob_chamber
Lair:4:   cheibrodos_magma_flow, layout_regular_city,
          nicolae_swamp_entry_splash_gauntlet, cheibrodos_lair_reptile_den
Lair:5:   regret_index_wax_grids, layout_cave_pods, slime_dummy, st_stairs_13,
          grunt_forest_small_clearings, minmay_lair_oklob_bushes,
          hangedman_lair_generics_rect, infiniplex_staircase_pool
Lair:6:   guppyfry_lair_end_dragon, layout_long_grid,
          hangedman_lair_tendril_chambers, uniq_kirke
Swamp:1:  gammafunk_its_a_trap, layout_basic_swamp, serial_swamp_ruin,
          evilmike_swamp_ruin_wall, hangedman_swamp_ruin_wall,
          evilmike_swamp_ruin_rubble_2, swamp_pool2, grunt_ruined_hall,
          infiniplex_staircase_pool_2, uniq_aizul
Swamp:2:  layout_basic_swamp, evilmike_swamp_ruin_house_2
Swamp:3:  cheibrodos_swamp_tower_of_moss, layout_falls_marsh,
          nicolae_swamp_feature_on_the_river_bank
Swamp:4:  swamp_old_school, layout_basic_swamp
Snake:1:  layout_misc_corridors
Snake:2:  layout_misc_corridors, minmay_shop_grid_forest, uniq_vashnia
Snake:3:  layout_basic, grunt_megastairs_4
Snake:4:  snake_pit_salamanders_mu, layout_misc_corridors, drop_trap,
          st_stairs_8
Slime:1:  layout_caves
Slime:2:  layout_caves
Slime:3:  layout_caves
Slime:4:  layout_caves
Slime:5
Orc:1:    layout_diamond_mine, basic_altar, nicolae_orc_stony_grotto
Orc:2:    grunt_orc_cross, layout_caves, serial_shops, shop, uniq_urug,
          uniq_rupert
Elf:1:    layout_loops_corners, serial_shops, nicolae_shop_behind_doors,
          kennysheep_underground_church, minivault_16
Elf:2:    layout_geoelf_octagon, ebering_ghost_inner_flame, drop_trap,
          uniq_jorgrun
Elf:3:    elf_hall_gauntlet_wide, layout_geoelf_octagon, special_room
          [special_room_orc], serial_shops, shop, uniq_nikola
Vaults:1: vaults_room_grunt_arrival_ludios, v_misc_11, vaults_room_door_hall,
          v_misc_23, vaults_dpeg_ring, nicolae_vaults_shelves_hall,
          v_alt_pattern_2, vaults_standard_mumra_enter_the_diamond,
          ontoclasm_vaults_hangar, v_misc_24, hangedman_vaults_pinch,
          layout_vaults_ring, serial_shops, nicolae_shop_waterfront
Vaults:2: grunt_vaults_focal, nicolae_vaults_theta, ontoclasm_vaults_tryst,
          v_misc_10, nicolae_vaults_ninety_degrees,
          nicolae_vaults_circle_grid_a, grunt_vaults_swirl,
          minmay_crypt_entry_necro_gods, vaults_mumra_minichess,
          vaults_standard_mumra_lines, st_more_cells, layout_vaults_big_room,
          basic_altar, uniq_jory, uniq_mara, uniq_margery
Vaults:3: ontoclasm_vaults_twist, grunt_vaults_hallway_long,
          nicolae_vaults_little_squares_4, dpeg_vaults_monster_row,
          ontoclasm_vaults_ring_square, ontoclasm_vaults_idyll, v_misc_12,
          hangedman_vaults_locks, v_pattern_1, hangedman_vaults_river_flow,
          nicolae_vaults_little_squares_3, vaults_room_large_hall, v_misc_14,
          layout_vaults_omnibox, uniq_frederick
Vaults:4: nicolae_vaults_back_hallway, ontoclasm_vaults_ligature,
          hangedman_vaults_nails, v_misc_24, v_misc_4,
          nicolae_vaults_ring_of_whatevers, v_rooms_6, st_cross,
          hangedman_vaults_impose, nicolae_vaults_yaktaur_gun_rack,
          vaults_mumra_hexcomb, layout_vaults_omnicross
Vaults:5: uniq_sojobo, uniq_bai_suzhen, uniq_boris
Depths:1: layout_cave_pools, hellmouth_1, lightli_church_of_beogh
Depths:2: minmay_tile_spiral, layout_gridlike, hangedman_decor_push, hell_entry,
          abyss_entry, hangedman_decor_slide_cut, minmay_shoptagon,
          infiniplex_staircase_squiggle
Depths:3: minmay_spiral_squares, layout_cave_shapes, grunt_hell_horde,
          serial_shops, shop, nicolae_shop_window_shopping,
          kennysheep_little_box, shop_statue, kennysheep_mini,
          rand_demon_pan_entry_5, st_stairs_5, minmay_misc_feat_alley
Depths:4: kennysheep_scales, layout_gridlike, pan_entry, abyss_entry,
          grunt_hell_entry_dis_old
Depths:5: evilmike_zot_entry_argh, layout_cross, enter_ziggurat_f,
          chequers_serial_rivers_large_a, gammafunk_ghost_split, hell_entry

Skill      XL: |  1  2  3  4  5  6  7  8  9 10 11 12 13 14 15 16 17 18 19 20 21 22 23 24 25 |
---------------+----------------------------------------------------------------------------+-----
Polearms       | 3 4 5 6 7 9 10 11 13 14 15 | 15.1
Dodging        | 3 4 5 6 7 9 11 13 15 16 | 16.0
Fighting       | 3 4 5 6 8 9 10 11 13 14 15 16 17 18 19 20 | 20.6
Armour         | 1 2 3 4 5 6 7 9 10 11 12 13 14 15 16 17 18 19 | 19.8
Invocations    | 3 6 8 |  8.0
Axes           | 4 6 |  6.3
Shields        | 6 9 12 14 15 17 18 19 20 21 22 23 | 23.2
Evocations     | 5 8 |  8.0
Throwing       | |  1.7

Action                   |  1- 3 |  4- 6 |  7- 9 | 10-12 | 13-15 | 16-18 | 19-21 | 22-24 | 25-27 || total
-------------------------+-------+-------+-------+-------+-------+-------+-------+-------+-------++-------
Melee: Trident           |   147 |   238 |   623 |   397 |    14 |   788 |    33 |       |       ||  2240
       Kick              |     7 |    55 |    47 |   324 |   694 |   588 |   681 |   933 |   210 ||  3539
       Spear             |       |       |       |   912 |  1324 |       |       |       |       ||  2236
       Punch             |       |       |       |     1 |       |       |       |       |       ||     1
       Battleaxe         |       |       |       |       |   257 |       |       |       |       ||   257
       Demon trident     |       |       |       |       |       |   860 |  1656 |  2227 |   506 ||  5249
       Bite              |       |       |       |       |       |       |       |    15 |    79 ||    94
       Unarmed           |       |       |       |       |       |       |       |     1 |       ||     1
 Fire: Shortbow          |       |       |    21 |       |       |       |       |       |       ||    21
       Fustibalus        |       |       |       |       |    14 |     6 |       |       |       ||    20
Throw: Stone             |     2 |       |       |       |       |       |       |       |       ||     2
       Dart              |    20 |     5 |    17 |    62 |    37 |     7 |       |       |       ||   148
       Boomerang         |       |    49 |    55 |       |       |     2 |    35 |       |       ||   141
       Javelin           |       |       |     2 |    17 |     5 |    51 |    12 |    60 |       ||   147
       Throwing net      |       |       |       |     1 |       |       |     1 |     1 |       ||     3
Invok: Heroism           |       |       |     9 |    20 |    12 |    10 |    11 |     5 |     5 ||    72
       Finesse           |       |       |       |     6 |     9 |    10 |    10 |     5 |     5 ||    45
 Abil: Evoke Flight      |       |       |       |       |       |       |       |     1 |       ||     1
Evoke: Wand              |       |       |       |    19 |     7 |     4 |     1 |       |       ||    31
  Use: Scroll            |     5 |     6 |    14 |     8 |    10 |     9 |    12 |     7 |     6 ||    77
       Potion            |       |     1 |     2 |       |       |     3 |       |     1 |     7 ||    14
 Stab: Held in net/web   |       |       |       |     2 |       |       |     1 |       |       ||     3
       Confused          |       |       |       |       |       |     1 |       |       |       ||     1
       Distracted        |       |       |       |       |       |       |     2 |     2 |       ||     4
  Eat: Chunk             |     4 |     6 |    20 |    32 |    33 |    28 |    26 |    29 |     4 ||   182
       Ration            |       |       |       |     2 |     1 |     6 |     3 |     5 |     1 ||    18
Armor: Scale mail        |    63 |   114 |       |       |       |       |       |       |       ||   177
       Leather armour    |     1 |       |       |       |       |       |       |       |       ||     1
       Chain mail        |       |       |   236 |       |       |       |       |       |       ||   236
       Plate armour      |       |       |    93 |   529 |     2 |   138 |    72 |    52 |       ||   886
       Ice dragon scales |       |       |       |       |   359 |   314 |       |       |       ||   673
       Crystal plate arm |       |       |       |       |       |       |   278 |       |       ||   278
       Gold dragon scale |       |       |       |       |       |       |    29 |   259 |   120 ||   408
       Skin              |       |       |       |       |       |       |       |     1 |       ||     1
Dodge: Dodged            |    71 |   149 |   234 |   387 |   405 |   284 |   171 |   251 |   102 ||  2054
       Repelled          |       |       |       |       |       |       |       |     8 |       ||     8
Block: Other             |       |    28 |    60 |    75 |    67 |       |       |       |       ||   230
       Reflection        |       |       |     3 |     3 |    30 |   138 |    70 |   230 |    11 ||   485
       Kite shield       |       |       |       |       |   337 |       |       |       |       ||   337
       Tower shield      |       |       |       |       |   257 |  1244 |  1195 |  1489 |   440 ||  4625

Table legend:
 A = Non-vault XP
 B = Vault XP
 C = Vault XP percentage of total XP
 D = Non-vault monster count
 E = Vault monster count
 F = Vault count percentage of total count
                 A         B        C        D         E       F
            +---------+---------+-------+---------+---------+-------
      Total |  684827 |  611875 |  47.2 |    1535 |     859 |  35.9
            +---------+---------+-------+---------+---------+-------
        D:1 |      31 |       0 |   0.0 |      16 |       0 |   0.0
        D:2 |      52 |       1 |   1.9 |      25 |       1 |   3.8
        D:3 |     139 |       0 |   0.0 |      26 |       0 |   0.0
        D:4 |     279 |     236 |  45.8 |      15 |       4 |  21.1
        D:5 |     229 |     129 |  36.0 |      13 |       3 |  18.8
        D:6 |     447 |     262 |  37.0 |      16 |       3 |  15.8
        D:7 |    3332 |     710 |  17.6 |      49 |       7 |  12.5
        D:8 |    2225 |    1375 |  38.2 |      37 |       6 |  14.0
        D:9 |    2284 |     607 |  21.0 |      12 |       3 |  20.0
       D:10 |    1480 |    3898 |  72.5 |      20 |      32 |  61.5
       D:11 |    6254 |    2066 |  24.8 |      38 |       3 |   7.3
       D:12 |    5555 |    2582 |  31.7 |      39 |       8 |  17.0
       D:13 |    5624 |    5329 |  48.7 |      35 |      12 |  25.5
       D:14 |   11801 |    7965 |  40.3 |      39 |       8 |  17.0
       D:15 |   11988 |    3876 |  24.4 |      30 |       6 |  16.7
     Lair:1 |    2932 |    2931 |  50.0 |      11 |      22 |  66.7
     Lair:2 |    4328 |     948 |  18.0 |      18 |       4 |  18.2
     Lair:3 |   10276 |    1039 |   9.2 |      29 |       7 |  19.4
     Lair:4 |    3834 |    3087 |  44.6 |      19 |      15 |  44.1
     Lair:5 |    6959 |   11607 |  62.5 |      15 |      57 |  79.2
     Lair:6 |   11295 |   17020 |  60.1 |      20 |      56 |  73.7
    Swamp:1 |   15648 |    9896 |  38.7 |      32 |      14 |  30.4
    Swamp:2 |   16642 |       0 |   0.0 |      44 |       0 |   0.0
    Swamp:3 |   10257 |    2322 |  18.5 |      15 |       1 |   6.2
    Swamp:4 |   17997 |   18081 |  50.1 |      49 |      26 |  34.7
    Snake:1 |   11585 |       0 |   0.0 |      21 |       0 |   0.0
    Snake:2 |   10751 |    9140 |  46.0 |      22 |       6 |  21.4
    Snake:3 |   28715 |    3235 |  10.1 |      43 |       4 |   8.5
    Snake:4 |   27917 |   51073 |  64.7 |      51 |      72 |  58.5
    Slime:1 |     259 |       0 |   0.0 |       1 |       0 |   0.0
    Slime:2 |    8256 |       0 |   0.0 |      19 |       0 |   0.0
    Slime:3 |    3161 |       0 |   0.0 |       4 |       0 |   0.0
    Slime:4 |    4713 |    2395 |  33.7 |       8 |       1 |  11.1
    Slime:5 |    3812 |       0 |   0.0 |       2 |       0 |   0.0
      Orc:1 |    3965 |       0 |   0.0 |      42 |       0 |   0.0
      Orc:2 |    5423 |   11426 |  67.8 |      45 |      34 |  43.0
      Elf:1 |   10789 |    4528 |  29.6 |      19 |       7 |  26.9
      Elf:2 |    9630 |   25592 |  72.7 |      20 |      30 |  60.0
      Elf:3 |    8329 |   45805 |  84.6 |      16 |      39 |  70.9
   Vaults:1 |   41960 |   13621 |  24.5 |      73 |      26 |  26.3
   Vaults:2 |   36224 |   40700 |  52.9 |      55 |      35 |  38.9
   Vaults:3 |   30575 |   25132 |  45.1 |      55 |      26 |  32.1
   Vaults:4 |   30697 |   14663 |  32.3 |      43 |      22 |  33.8
   Vaults:5 |   16712 |  117384 |  87.5 |      33 |      69 |  67.6
   Depths:1 |   35735 |    8250 |  18.8 |      48 |      28 |  36.8
   Depths:2 |   36785 |   55450 |  60.1 |      46 |      27 |  37.0
   Depths:3 |   34728 |   59421 |  63.1 |      37 |      58 |  61.1
   Depths:4 |   50974 |    8561 |  14.4 |      49 |       7 |  12.5
   Depths:5 |   41764 |   14372 |  25.6 |      44 |       7 |  13.7
    Abyss:1 |   10702 |       0 |   0.0 |      23 |       0 |   0.0
    Abyss:2 |   21547 |    1038 |   4.6 |      37 |       2 |   5.1
    Abyss:3 |    7231 |     510 |   6.6 |      17 |       2 |  10.5
      Sewer |       0 |     372 | 100.0 |       0 |      48 | 100.0
      IceCv |       0 |    3240 | 100.0 |       0 |      11 | 100.0
            +---------+---------+-------+---------+---------+-------
